 Dungeon Crawl Stone Soup version 0.23-a0-448-g1c01f63 (webtiles) character file.

46 Dfrag the Firebug (level 3, 0/28 HPs)
             Began as a Naga Fire Elementalist on Nov 20, 2018.
             Slain by a jackal (2 damage)
             ... on level 2 of the Dungeon.
             The game lasted 00:01:37 (802 turns).

Dfrag the Firebug (Naga Fire Elementalist)           Turns: 802, Time: 00:01:38

Health: 0/28       AC:  2    Str: 10    XL:     3   Next: 66%
Magic:  1/6        EV: 15    Int: 16    God:
Gold:   65         SH:  0    Dex: 16    Spells: 6/7 levels left

rFire    + . .     SeeInvis +   (no weapon)
rCold    + . .     Gourm    .   (no shield)
rNeg     . . .     Faith    .   a - +0 robe
rPois    +         Spirit   .   (no helmet)
rElec    +         Reflect  .   (no cloak)
rCorr    +         Harm     .   (no gloves)
MR       .....                  (no barding)
Stlth    ++........             (no amulet)
HPRegen  0.09/turn              f - ring of wizardry
MPRegen  0.10/turn              l - ring of attention (curse)

@: agile, short of breath, resistant, very slow
A: large, see invisible, deformed body, poison resistance, slowness 2, slow
metabolism 1, spit poison 1, AC +1
a: Spit Poison


You were on level 2 of the Dungeon.
You were hungry.

You visited 1 branch of the dungeon, and saw 3 of its levels.

You collected 65 gold pieces.

Inventory:

Armour
 a - a +0 robe (worn)
Jewellery
 f - a ring of wizardry (left hand)
 l - a cursed ring of attention (right hand)
Scrolls
 e - 2 scrolls of identify {unknown}
 g - a scroll of remove curse {unknown}
 j - a scroll of enchant armour {unknown}
 k - a scroll of magic mapping {unknown}
Comestibles
 c - 3 rations
 m - 2 chunks of flesh


   Skills:
 - Level 1.5 Dodging
 - Level 3.0 Stealth
 + Level 2.6 Spellcasting
 + Level 2.1 Conjurations
 + Level 3.5 Fire Magic


You had 6 spell levels left.
You knew the following spells:

 Your Spells              Type           Power        Failure   Level  Hunger
a - Flame Tongue          Conj/Fire      ##...        2%          1    #......

Your spell library contained the following spells:

 Spells                   Type           Power        Failure   Level  Hunger
 Throw Flame              Conj/Fire      ##....       4%          2    ##.....
 Conjure Flame            Conj/Fire      ##......     8%          3    ###....
 Inner Flame              Hex/Fire       #.......     12%         3    ###....
 Sticky Flame             Conj/Fire      ##......     24%         4    #####..
 Fireball                 Conj/Fire      ##........   52%         5    ######.


Dungeon Overview and Level Annotations

Branches:
Dungeon (3/15)

Altars:
Xom


Innate Abilities, Weirdness & Mutations

You cannot wear boots.
Your serpentine skin is tough. (AC +1)
You have supernaturally acute eyesight. (SInv)
Armour fits poorly on your strangely shaped body.
Your system is resistant to poisons. (rPois)
You cover ground very slowly.
You have a slow metabolism.
You can spit poison.


Message History

Casting: Flame Tongue (safe; 2% risk of failure)
Confirm with . or Enter, or press ? or * to list all spells.
Aiming: Flame Tongue (safe; 2% risk of failure)
Press: ? - help, Shift-Dir - straight line, f - jackal
Aim: a jackal The flame tongue hits the jackal.
You kill the jackal!
Unknown command.
You can't do that yet.
Unknown command.
Unknown command.
The jackal misses you.
You have got your breath back.
The jackal barely misses you.
Press: ? - help, Shift-Dir - straight line, f - jackal
Aim: a jackal The splash of poison hits the jackal.
The jackal is poisoned.
The jackal is almost dead.
You feel slightly more hungry. The jackal bites you.
You die...

#### ####+## ...
#.....##.#######.##
#.....##.......<..#
#..!..##..##......#
#.....# #.####.#
#.....######รท# .#
#......woh.#.# #
#......###@#.#
#......#.#.#.#
###..........#.#
#............#.#
#....)....).[#.#
#............#.#
+............#.#
####..>.........#.#
#...............#.###


You could see a worm, an orc and a jackal.

Vanquished Creatures
  An adder (D:2)
  A dart slug (D:1)
  A leopard gecko (D:1)
  2 giant cockroaches (D:1)
  2 goblins (D:1)
  5 hobgoblins
  3 jackals (D:2)
  4 bats
  2 frilled lizards
  8 kobolds
  A rat (D:1)
30 creatures vanquished.

Notes
Turn   | Place    | Note
-------+----------+-------------------------------------------
     0 | D:1      | Dfrag the Naga Fire Elementalist began the quest for the
                  | Orb.
     0 | D:1      | Reached XP level 1. HP: 15/15 MP: 3/3
    74 | D:1      | Reached XP level 2. HP: 18/22 MP: 1/5
   292 | D:1      | Reached XP level 3. HP: 28/28 MP: 6/6
   506 | D:1      | Found a shimmering altar of Xom.
   794 | D:2      | HP: 1/28 [jackal (1)]
   802 | D:2      | Slain by a jackal

Vault maps used:
D:1:      minmay_arrival_jagged, minmay_tree_intersection, xom_teletrap_fun
D:2:      first_ration, uniq_natasha
D:3:      fedhas_altar_3, minitemple, due_unseen_surprise

Skill      XL: |  1  2  3 |
---------------+----------+-----
Conjurations   | 2 |  2.1
Dodging        | |  1.5
Stealth        | |  3.0
Spellcasting   | |  2.6
Fire Magic     | |  3.5

Action                   || total
-------------------------++-------
Melee: Unarmed           ||     5
 Cast: Flame Tongue      ||    32
 Abil: Spit Poison       ||    18
  Use: Potion            ||     4
Armor: Robe              ||    14
Dodge: Dodged            ||    63

Table legend:
 A = Non-vault XP
 B = Vault XP
 C = Vault XP percentage of total XP
 D = Non-vault monster count
 E = Vault monster count
 F = Vault count percentage of total count
                 A         B        C        D         E       F
            +---------+---------+-------+---------+---------+-------
      Total |      66 |       0 |   0.0 |      30 |       0 |   0.0
            +---------+---------+-------+---------+---------+-------
        D:1 |      41 |       0 |   0.0 |      22 |       0 |   0.0
        D:2 |      25 |       0 |   0.0 |       8 |       0 |   0.0
            +---------+---------+-------+---------+---------+-------
